 Dungeon Crawl Stone Soup version 0.32-a0-928-g1cae6b7ea0 (webtiles) character file.

Game seed: 482427166333238544

92 joemur96 the Grave Robber (level 4, -2/33 HPs)
             Began as a Ghoul Necromancer on Apr 12, 2024.
             Was an Initiate of Gozag.
             Slain by a kobold
             ... wielding a +0 short sword
              (3 damage)
             ... on level 3 of the Dungeon.
             The game lasted 00:13:57 (2513 turns).

joemur96 the Grave Robber (Ghoul Necromancer)       Turns: 2513, Time: 00:13:59

Health: -2/33      AC:  2    Str: 11    XL:     4   Next: 60%
Magic:  2/8        EV:  1    Int: 16    God:    Gozag
Gold:   231        SH:  0    Dex:  9    Spells: 2/9 levels left

rFire   . . .        c - staff of alchemy
rCold   + . .        f - orb {light}
rNeg    + + +        a - +0 robe
rPois   ∞            (no helmet)
rElec   .            (no cloak)
rCorr   .            (no gloves)
SInv    .            (no boots)
Will    .....        (no amulet)
Stlth   +            h - ring of flight
HPRegen 0.00/turn    (no ring)
MPRegen 0.11/turn

%: no passive effects
@: flying, inhibited regen, glowing, constricted
A: claws 1, cold resistance 1, negative energy resistance 3, inhibited
regeneration, torment resistance 2, devour on kill
a: Renounce Religion, Potion Petition, Call Merchant, Bribe Branch


You were on level 3 of the Dungeon.
You worshipped Gozag.
Gozag was aware of your devotion.
You visited 1 branch of the dungeon, and saw 3 of its levels.

You collected 231 gold pieces.

Inventory:

Missiles
 d - 4 poisoned darts
Armour
 a - a +0 robe (worn)
 f - an orb of light (worn)
Magical Staves
 c - a staff of alchemy (weapon)
Jewellery
 h - a ring of flight (left claw)
Scrolls
 e - a scroll of identify
 i - a scroll of amnesia
Potions
 b - a potion of magic
 j - a potion of curing {unknown}
 k - a potion of brilliance {unknown}


   Skills:
 + Level 0.2 Staves
 + Level 1.8 Dodging
 + Level 2.3 Stealth
 + Level 3.0 Spellcasting
 + Level 4.8 Necromancy
 + Level 0.1 Ice Magic


You had 2 spell levels left.
You knew the following spells:

 Your Spells              Type           Power      Damage    Failure   Level
a - Necrotise             Necr           68%        1d7       2%          1
b - Vampiric Draining     Necr           17%        2d7       8%          3
c - Ozocubu's Armour      Ice            2%         N/A       47%         3

Your spell library contained the following spells:

 Spells                   Type           Power      Damage    Failure   Level
 Frozen Ramparts          Ice            4%         1d1       47%         3
 Curse of Agony           Necr           17%        N/A       56%         5
 Metabolic Englaciation   Hex/Ice        1%         N/A       99%         5
 Animate Dead             Necr           Unusable   N/A       N/A         4

Dungeon Overview and Level Annotations

Branches:
Dungeon (3/15)

Altars:
Gozag

Annotations:
D:3 1 runed translucent door, EvilEddieB's ghost, amateur DsNe


Innate Abilities, Weirdness & Mutations

You are immune to poison.
You have sharp fingernails.
Your flesh is cold resistant. (rC+)
You are immune to negative energy. (rN+++)
You do not regenerate when monsters are visible.
You are immune to unholy pain and torment.
You thrive by killing the living.


Message History

You hit the orc but do no damage.
The orc is no longer distracted by gold.
The orc is moderately wounded.
EvilEddieB's ghost is no longer distracted by gold.
The orc hits you with a +4 whip!
* * * LOW HITPOINT WARNING * * *
Your icy armour cracks and falls away as you move.
The adder is no longer distracted by gold.
The orc attacks as it pursues you! The orc barely misses you.
The orc attacks as it pursues you! The orc hits you with a +4 whip.
* * * LOW HITPOINT WARNING * * *
You enter a teleport trap!
The teleport trap disappears.
Your surroundings suddenly seem different.
A ball python and a kobold come into view.
Found 14 gold pieces and a dagger.
The ball python hisses angrily.
As you read the scroll labelled XOMOUMPYL EMOCHITO, it crumbles to dust.
You hear a loud clanging noise!
It was a scroll of noise.
The kobold shouts!
You hear a loud squeak. x2; You hear an angry hiss.
You hear a shout!
You hear an angry hiss.
As you read the scroll labelled YDDEUB HIAMN, it crumbles to dust.
It is a scroll of identify.
i - a scroll of amnesia Unknown command.
As you read the scroll labelled CANIXT IDIPTE, it dissolves into smoke.
It was a scroll of fog.
The ball python barely misses you. The ball python grabs you.
The ball python constricts you.
The ball python's grasp on you weakens, but your attempt to escape fails.
The ball python bites you.
* * * LOW HITPOINT WARNING * * *
The ball python constricts you.
* * * LOW HITPOINT WARNING * * *
The ball python's grasp on you weakens, but your attempt to escape fails.
The ball python bites you but does no damage.
The ball python constricts you.
* * * LOW HITPOINT WARNING * * *
The kobold hits you with a +0 short sword.
You die...
Your body crumbles into a pile of gold.

# ... #..
#######...#
.. #.#
#.§§§§....#
#. #.#
#§§@S§.....
#. #.#
#§§§K§....#
#.##.#
#§§§.§....#
#..#.#
#.........#
#...#####
#.........#
##....##..
.....)....#
####.#..#.#
###..####..#
WSS+.##.#.#
...## #..
####.##.#.#
[..#


You could see a ball python and a kobold.

Vanquished Creatures
  An orc priest (D:3)
  An adder (D:2)
  2 dart slugs (D:1)
  2 ribbon worms (D:2)
  2 orcs
  4 ball pythons
  6 bats
  An endoplasm (D:1)
  4 goblins
  4 hobgoblins
  5 kobolds
  2 quokkas (D:1)
  4 frilled lizards (D:1)
  7 rats
45 creatures vanquished.

Vanquished Creatures (collateral kills)
  An endoplasm (D:1)
1 creature vanquished.

Grand Total: 46 creatures vanquished

Notes
Turn   | Place    | Note
-------+----------+-------------------------------------------
     0 | D:1      | joemur96 the Ghoul Necromancer began the quest for the Orb.
     0 | D:1      | Reached XP level 1. HP: 14/14 MP: 3/3
   156 | D:1      | Reached XP level 2. HP: 16/20 MP: 1/5
   437 | D:1      | Reached XP level 3. HP: 15/26 MP: 0/6
  1306 | D:2      | Learned a level 3 spell: Vampiric Draining
  1310 | D:2      | Learned a level 3 spell: Ozocubu's Armour
  1906 | D:2      | Found a faded altar of an unknown god.
  2012 | D:2      | Prayed at the altar of an unknown god.
  2012 | D:2      | Became a worshipper of Gozag Ym Sagoz the Greedy
  2062 | D:2      | Reached XP level 4. HP: 33/33 MP: 6/8
  2448 | D:3      | Found a runed translucent door.
  2448 | D:3      | Noticed EvilEddieB's ghost (amateur DsNe)
  2513 | D:3      | HP: 1/33 [constriction (1)]
  2513 | D:3      | Slain by a kobold

Illustrated notes

Levels and vault maps discovered:
D:1:      mainiacjoe_arrival_oval_in_oval, layout_loops_corners,
          grunt_decor_fettered, minmay_split_cup_small
D:2:      layout_loops_ring, chequers_ecumenical_altar_simple
D:3:      layout_rooms, gammafunk_temple_overflow_elements,
          mainiacjoe_overflow_six_doors_small, ebering_ghost_sewer_d

Skill      XL: |  1  2  3  4 |
---------------+-------------+-----
Spellcasting   | 2 3 |  3.0
Staves         | |  0.2
Dodging        | |  1.8
Stealth        | |  2.3
Necromancy     | |  4.8
Ice Magic      | |  0.1

Action                     |  1- 3 |  4- 6 || total
---------------------------+-------+-------++-------
  Melee: Staff             |    25 |     3 ||    28
         Unarmed           |     3 |       ||     3
   Cast: Necrotise         |    59 |    12 ||    71
         Ozocubu's Armour  |       |     2 ||     2
    Use: Scroll            |       |     3 ||     3
 Armour: Robe              |    41 |     9 ||    50
  Dodge: Dodged            |    26 |     2 ||    28

Table legend: (Time is in decaauts)
 A = Elapsed time spent in this place.
 B = Non-inter-level travel time spent in this place.
 C = Inter-level travel time spent in this place.
 D = Time resting spent in this place.
 E = Time spent auto-exploring this place.
 F = Levels seen in this place.
 G = Mean time per level.
                   A        B        C        D        E       F      G
               +--------+--------+--------+--------+--------+-----+--------+
         Total |   2517 |   2429 |     88 |    623 |   1167 |   3 |  839.0 |
       Dungeon |   2517 |   2429 |     88 |    623 |   1167 |   3 |  839.0 |
               +--------+--------+--------+--------+--------+-----+--------+

Top non-repeatable levels by time:
     D:2: 1220 daAuts
     D:1: 1201 daAuts
     D:3: 95 daAuts
